 Dungeon Crawl Stone Soup version 0.18-a0-1396-g8753ca6 (webtiles) character file.

64 PierrePorte the Chopper (level 4, 28/28 HPs)
             Began as a Gargoyle Berserker on Feb 16, 2016.
             Was a Believer of Trog.
             Quit the game on level 2 of the Dungeon on Feb 23, 2016.
             The game lasted 00:09:14 (1777 turns).

PierrePorte the Chopper (Gargoyle Berserker)        Turns: 1777, Time: 00:09:14

Health: 28/28      AC:  5    Str: 22    XL:     4   Next: 12%
Magic:  4/4        EV: 12    Int:  7    God:    Trog [**....]
Gold:   81         SH:  0    Dex:  9    Spells: 0 memorised, 3 levels left

rFire  . . .     SeeInvis .     a - +1 hand axe
rCold  . . .     Gourm    .     b - +0 animal skin
rNeg   + . .     Faith    .     (no shield)
rPois  ∞         Spirit   .     (no helmet)
rElec  +         Dismiss  .     (no cloak)
rCorr  .         Reflect  .     (no gloves)
SustAt .         Harm     .     (no boots)
MR     .....                    (no amulet)
Stlth  +.........               (no ring)
                                (no ring)

@: not resistant to hostile enchantments, very unstealthy
A: negative energy resistance 1, electricity resistance, unbreathing,
petrification resistance, rot immunity, AC +3
a: Berserk, Trog's Hand, Burn Spellbooks, Renounce Religion


You were on level 2 of the Dungeon.
You worshipped Trog.
Trog was pleased with you.
You were hungry.

You visited 1 branch of the dungeon, and saw 2 of its levels.

You collected 81 gold pieces.

Inventory:

Hand Weapons
 a - a +1 hand axe (weapon)
 i - a +0 hunting sling
Armour
 b - a +0 animal skin (worn)
Scrolls
 e - a scroll of enchant weapon
 f - 4 scrolls of magic mapping
 g - 3 scrolls of fog {unknown}
 h - a scroll of random uselessness {unknown}
 l - a scroll of blinking
Potions
 d - 4 potions of flight {unknown}
 m - a potion of heal wounds {unknown}
Comestibles
 c - 3 bread rations
 j - a slice of pizza
 k - a royal jelly


   Skills:
 - Level 3.2 Fighting
 + Level 4.4 Axes
 - Level 2.1 Armour
 - Level 1.5 Dodging


You had 3 spell levels left.
You didn't know any spells.

Dungeon Overview and Level Annotations

Branches:
Dungeon (2/15)

Altars:


Innate Abilities, Weirdness & Mutations

You are resistant to torment.
Your stone body is resilient (AC +3).
You are immune to poison.
You resist negative energy.
You are resistant to electric shocks.
You can survive without breathing.
You are immune to petrification.
You are immune to rotting.


Message History

an uncursed dagger; an uncursed hunting sling; 20 stones
d - 4 puce potions (gained 1)
k - a royal jelly
Found a stone staircase leading down.
l - a scroll of blinking You now have 73 gold pieces (gained 5).
Found a spear.
m - a yellow potion You are feeling hungry.
You see here 13 stones.
You see here a spear.
There is a stone staircase leading down here.
You now have 81 gold pieces (gained 8).
Done exploring.
Done exploring.
Save game and exit?
Welcome back, PierrePorte the Gargoyle Berserker.
Trog says: Kill them all!
Press ? for a list of commands and other information.
Are you sure you want to abandon this character and quit the game? (Confirm with "yes".)

#.#.. #.#.# #.... ###..
######### #... #.......#
#.#. #.#####.##### #...
#.##........# ####
#.##.##.###@#########
#.##.##.............#
#........##.#..####.#
####..##.##.#..####>#####
#.#.#.##.............#
##.##.####..####.###.#
#.##.####..####.# #.#
#.##............# #.####
#.######.....#### #...##


There were no monsters in sight!

Vanquished Creatures
  An adder (D:2)
  An ooze (D:2)
  A worm (D:2)
  A dart slug (D:2)
  A bat (D:1)
  6 giant cockroaches
  5 goblins
  6 hobgoblins
  3 jackals (D:1)
  A quokka (D:2)
  8 giant newts
  7 kobolds
  A rat (D:1)
42 creatures vanquished.

Notes
Turn   | Place    | Note
--------------------------------------------------------------
     0 | D:1      | PierrePorte the Gargoyle Berserker began the quest for the Orb.
     0 | D:1      | Reached XP level 1. HP: 14/14 MP: 1/1
    33 | D:1      | Upgraded the game from 0.18-a0-1343-g48c8f86 to 0.18-a0-1396-g8753ca6
   215 | D:1      | Reached skill level 3 in Axes
   266 | D:1      | Reached XP level 2. HP: 19/19 MP: 2/2
  1082 | D:2      | Reached XP level 3. HP: 21/23 MP: 3/3
  1142 | D:2      | Reached ** piety under Trog
  1204 | D:2      | Reached skill level 4 in Axes
  1501 | D:2      | Reached XP level 4. HP: 25/28 MP: 4/4
  1777 | D:2      | Quit the game

Vault maps used:
D:1:      scummos_arrival_forest

Skill      XL: |  1  2  3 |
---------------+----------+-----
Axes           | 3 4 |  4.4
Fighting       | |  3.2
Armour         | |  2.1
Dodging        | |  1.5

Action                   |  1- 3 |  4- 6 || total
-------------------------+-------+-------++-------
Melee: Hand axe          |   147 |     7 ||   154
Invok: Berserk           |     2 |       ||     2
  Use: Scroll            |     4 |       ||     4
  Eat: Chunk             |     4 |       ||     4
